 Dungeon Crawl Stone Soup version 0.17-a0-427-ga655056 (webtiles) character file.

829 McCoppin the Grappler (level 7, -3/66 HPs)
             Began as a Troll Monk on Apr 4, 2015.
             Was a Believer of Okawaru.
             Slain by an orc warrior
             ... wielding a +0 glaive
              (19 damage)
             ... on level 6 of the Dungeon.
             The game lasted 00:11:26 (3462 turns).

McCoppin the Grappler (Troll Monk)                  Turns: 3462, Time: 00:11:28

Health: -3/66      AC:  5    Str: 20    XL:     7   Next: 65%
Magic:  6/6        EV: 12    Int:  6    God:    Okawaru [**....]
Gold:   170        SH:  0    Dex: 14    Spells: 0 memorised, 6 levels left

rFire  . . .     SeeInvis .       - Unarmed
rCold  . . .     Clarity  .     a - +0 robe
rNeg   . . .     SustAb   .     (no shield)
rPois  +         Gourm    +     (helmet restricted)
rElec  .         Spirit   .     (no cloak)
rCorr  +         Warding  .     (gloves unavailable)
rMut   .         Stasis   .     (boots unavailable)
MR     .....                    s - amulet of resist corrosion
Stlth  ++........               (no ring)
                                w - ring of poison resistance

@: not resistant to hostile enchantments, unstealthy
A: unfitting armour, claws 3, fast metabolism 3, gourmand, regeneration 2,
shaggy fur 1, tough skin 2
a: Heroism, Renounce Religion


You were on level 6 of the Dungeon.
You worshipped Okawaru.
Okawaru was pleased with you.
You were not hungry.

You visited 2 branches of the dungeon, and saw 7 of its levels.

You collected 170 gold pieces.

Inventory:

Hand weapons
 v - the +9 hand axe of Fixation {pain, +Blink rPois rC+}
   (You found it on level 4 of the Dungeon)

   In the hands of one skilled in necromantic magic, it inflicts extra damage on
   living creatures.
   It protects you from cold.
   It protects you from poison.
   It lets you blink.
Armour
 a - a +0 robe (worn)
Jewellery
 e - an uncursed ring of stealth {unknown}
 s - an amulet of resist corrosion (around neck)
 w - a ring of poison resistance (left claw)
 z - an uncursed ring of see invisible {unknown}
Scrolls
 c - a scroll of fog
 f - a scroll of amnesia {unknown}
 g - 2 scrolls of enchant weapon {unknown}
 i - 2 scrolls of remove curse
 m - a scroll of magic mapping {unknown}
 n - 2 scrolls of teleportation {unknown}
 o - 2 scrolls of enchant armour {unknown}
 y - a scroll of fear {unknown}
 B - a scroll of random uselessness {unknown}
Potions
 h - 3 potions of curing
 j - a potion of mutation {unknown}
 l - a potion of magic
 q - a potion of berserk rage {unknown}
 r - a potion of resistance {unknown}
 u - a potion of poison
 C - a potion of brilliance {unknown}
Books
 x - a book of Party Tricks

   Spells                             Type                      Level
   a - Summon Butterflies             Summoning                    1
   b - Apportation                    Translocation                1
   c - Tukima's Dance                 Hexes                        3
   d - Alistair's Intoxication        Transmutation/Poison         4
   e - Invisibility                   Hexes                        6
 A - a book of Battle

   Spells                             Type                      Level
   a - Infusion                       Charms                       1
   b - Shroud of Golubria             Charms/Translocation         2
   c - Song of Slaying                Charms                       2
   d - Spectral Weapon                Hexes/Charms                 3
   e - Regeneration                   Charms/Necromancy            3
Comestibles
 b - 7 bread rations
 d - 5 meat rations
 k - 7 fruits
 p - a beef jerky
 t - a slice of pizza
 D - a poisonous chunk of flesh


   Skills:
 - Level 2.4 Fighting
 + Level 4.8 Dodging
 - Level 1.1 Stealth
 * Level 8.2 Unarmed Combat


You had 6 spell levels left.
You didn't know any spells.

Dungeon Overview and Level Annotations

Branches:
Dungeon (6/15)             Temple (1/1) D:5

Altars:
Ashenzari
Cheibriados
Dithmenos
Elyvilon
Fedhas
Kikubaaqudgha
Makhleb
Nemelex Xobeh
Okawaru
Qazlal
Ru
Sif Muna
Vehumet
Yredelemnul
Zin
The Shining One


Innate Abilities, Weirdness & Mutations

You are too large for most types of armour.
You have claws for hands.
Your metabolism is lightning-fast.
You like to eat raw meat.
You heal very quickly.
You are covered in fur (AC +1).
You have very tough skin (AC +2).


Message History

You are too injured to fight recklessly!
You are too injured to fight recklessly!
Drink which item? (? for menu, Esc to quit)
It was a potion of poison.
You feel slightly nauseous.
The hobgoblin hits you but does no damage.
The orc warrior closely misses you.
Found 8 sling bullets of frost.
You claw the orc warrior!
The orc warrior begins to bleed from its wounds!
The orc warrior is moderately wounded.
The hobgoblin hits you but does no damage.
The orc warrior closely misses you.
You claw the orc warrior!
The orc warrior is almost dead.
The iguana bites you!
* * * LOW HITPOINT WARNING * * *
The hobgoblin hits you with a club.
* * * LOW HITPOINT WARNING * * *
The orc warrior hits you with a glaive!!
You die...

#. #.......#
#.(#.......#
#..#.......#
.^..._...#
#)...$..#
#.......#
#.......#
#..####l####.#
#......g@....#
.......o.....#
.............#
.............#
...........$#
...........#
..........#
........( ...


You could see an orc warrior (bleeding), an iguana and a hobgoblin.

Vanquished Creatures
  The ghost of Somebody the Ruffian, an average NaMo (D:4)
  An ogre (D:4)
  A scorpion (D:5)
  A crimson imp (D:4)
  A hound (D:5)
  3 orc wizards
  2 orc priests
  3 worker ants
  9 adders
  A giant mite (D:1)
  3 worms
  3 giant geckos
  An ooze (D:5)
  7 orcs
  11 hobgoblins
  3 jackals (D:2)
  11 kobolds
  2 quokkas (D:5)
  A ball python (D:2)
  12 bats
  4 giant cockroaches
  A giant gecko skeleton (D:5)
  5 giant newts
  6 goblins
  A goblin skeleton (D:4)
  2 hobgoblin zombies (D:4)
  A jackal skeleton (D:5)
  A kobold zombie (D:4)
  2 orc skeletons (D:4)
  An orc zombie (D:4)
  6 rats
107 creatures vanquished.

Notes
Turn   | Place    | Note
--------------------------------------------------------------
     0 | D:1      | McCoppin, the Troll Monk, began the quest for the Orb.
     0 | D:1      | Reached XP level 1. HP: 22/22 MP: 0/0
    98 | D:1      | Reached XP level 2. HP: 25/29 MP: 1/1
   482 | D:1      | Reached XP level 3. HP: 31/36 MP: 2/2
   716 | D:2      | Reached skill level 5 in Unarmed Combat
   861 | D:2      | Reached XP level 4. HP: 44/44 MP: 3/3
   877 | D:2      | Found a radiant altar of Vehumet.
  1290 | D:3      | Found an iron altar of Okawaru.
  1332 | D:3      | Reached XP level 5. HP: 44/50 MP: 4/4
  1339 | D:3      | Reached skill level 6 in Unarmed Combat
  1415 | D:3      | Found a deep blue altar of Sif Muna.
  2030 | D:4      | Reached XP level 6. HP: 29/59 MP: 5/5
  2156 | D:4      | Found a glowing golden altar of the Shining One.
  2366 | D:4      | Reached skill level 7 in Unarmed Combat
  2431 | D:4      | Noticed Somebody's ghost (average NaMo)
  2478 | D:4      | Killed Somebody's ghost
  2478 | D:4      | Reached XP level 7. HP: 23/66 MP: 6/6
  2615 | D:4      | Got a polished hand axe
  2616 | D:4      | Identified the +9 hand axe of Fixation {pain, +Blink rPois rC+} (You found it on level 4 of the Dungeon)
  2671 | D:5      | Entered Level 5 of the Dungeon
  2736 | D:5      | Found a staircase to the Ecumenical Temple.
  2746 | Temple   | Entered the Ecumenical Temple
  2822 | Temple   | Became a worshipper of Warmaster Okawaru
  2822 | Temple   | Acquired Okawaru's first power
  3126 | D:5      | Found a blossoming altar of Fedhas.
  3388 | D:5      | Reached skill level 8 in Unarmed Combat
  3448 | D:6      | Found a shadowy altar of Dithmenos.
  3462 | D:6      | Slain by an orc warrior

Action                   |  1- 3 |  4- 6 |  7- 9 || total
-------------------------+-------+-------+-------++-------
Melee: Unarmed           |   111 |   153 |    45 ||   309
       Hand axe          |       |       |     1 ||     1
  Use: Scroll            |       |       |     4 ||     4
       Potion            |       |       |     1 ||     1
 Stab: Sleeping          |     1 |       |     1 ||     2
  Eat: Chunk             |    13 |     6 |     8 ||    27
       Bread ration      |       |       |     1 ||     1
